 Dungeon Crawl Stone Soup version 0.29-a0-517-gbdf32494f2 (webtiles) character file.

Game seed: 9911571586119710877

2 purpskrrrp the Shield-Bearer (level 1, 0/16 HPs)
             Began as an Octopode Fighter on May 30, 2022.
             Slain by a hobgoblin (1 damage)
             ... on level 1 of the Dungeon.
             The game lasted 00:00:34 (27 turns).

purpskrrrp the Shield-Bearer (Octopode Fighter)       Turns: 27, Time: 00:00:35

Health: 0/16       AC:  1    Str: 15    XL:     1   Next: 30%
Magic:  1/1        EV: 13    Int: 10    God:
Gold:   0          SH:  4    Dex: 11    Spells: 0/0 levels left

rFire   . . .      SeeInvis .   a - +0 trident
rCold   . . .      Faith    .   b - +0 buckler
rNeg    . . .      Spirit   .   (helmet restricted)
rPois   .          Reflect  .   (no amulet)
rElec   .          Harm     .   (no ring)
rCorr   .          Rampage  .   (no ring)
Will    .....                   (no ring)
Stlth   ++........              (no ring)
HPRegen 0.05/turn               (no ring)
MPRegen 0.07/turn               (no ring)
                                (no ring)
                                (no ring)

@: no status effects
A: almost no armour, amphibious, 8 rings, camouflage 1, gelatinous body 1,
(nimble swimmer 1), tentacles
a: no special abilities


You were on level 1 of the Dungeon.
You visited 1 branch of the dungeon, and saw 1 of its levels.

Inventory:

Hand Weapons
 a - a +0 trident (weapon)
Armour
 b - a +0 buckler (worn)
Scrolls
 d - a scroll of noise {unknown}
Potions
 c - a potion of might
 e - a potion of heal wounds {unknown}


   Skills:
 + Level 3.0 Fighting
 + Level 2.0 Polearms
 + Level 3.0 Dodging
 + Level 3.0 Shields


You couldn't memorise any spells.
You didn't know any spells.
Your spell library was empty.

Dungeon Overview and Level Annotations

Branches:
Dungeon (1/15)

Altars:


Innate Abilities, Weirdness & Mutations

You cannot wear most types of armour.
You are amphibious.
You can wear up to eight rings at the same time.
Your skin changes colour to match your surroundings (Stealth+).
Your rubbery body absorbs attacks. (AC +1, EV +1)
((You are camouflaged when in or above water. (Stealth+)))
You have tentacles for arms and can constrict up to eight enemies at once.


Message History

A quokka is nearby!
You puncture the quokka!
You kill the quokka!
A hobgoblin and a ball python come into view.
You see here a quokka corpse.
The hobgoblin shouts!
The ball python hisses angrily.
Found 5 poisoned darts.
You see here a scroll labelled BENAWK GARGHA.
A hobgoblin comes into view.
You barely miss the ball python. Your grab misses the ball python.
You block the ball python's attack. The ball python misses you.
You closely miss the ball python. Your grab misses the ball python.
Your squeeze misses the ball python. The ball python closely misses you.
The ball python barely misses you.
The hobgoblin hits you but does no damage.
You closely miss the ball python. You grab the ball python.
You constrict the ball python. The ball python misses you. x2
An endoplasm comes into view.
You block the hobgoblin's attack. The ball python bites you.
The ball python grabs you. The ball python constricts you.
You puncture the ball python!
You kill the ball python!
The hobgoblin hits you. The hobgoblin barely misses you.
The hobgoblin hits you.
The hobgoblin hits you but does no damage.
You barely miss the hobgoblin. Your grab misses the hobgoblin.
The hobgoblin hits you. The hobgoblin closely misses you.
You closely miss the hobgoblin. You grab the hobgoblin.
You constrict the hobgoblin, but do no damage.
The hobgoblin hits you. You block the hobgoblin's attack.
You hit the hobgoblin but do no damage. You constrict the hobgoblin.
The hobgoblin closely misses you. The hobgoblin hits you.
* * * LOW HITPOINT WARNING * * *
The endoplasm freezes you.
You are frozen.
* * * LOW HITPOINT WARNING * * *
The hobgoblin misses you. You block the hobgoblin's attack.
You release your grip on the hobgoblin.
The hobgoblin attacks as you move away! The hobgoblin hits you.
You die...

# .#
#########.##
#..........(
#...........
#.......... .
#.....#..... #.
#.Jg#.#...#.
.#.#.@g#.....!
..#.?....... ..
#.#†........ ...
#.#.#...#.#.#...
##......#.#.....
#.......#.#.?...
#...............
#....#.#......#
#.......<..##


You could see an endoplasm and 2 hobgoblins.

Vanquished Creatures
  A quokka (D:1)
  A ball python (D:1)
2 creatures vanquished.

Notes
Turn   | Place    | Note
-------+----------+-------------------------------------------
     0 | D:1      | purpskrrrp the Octopode Fighter began the quest for the
                  | Orb.
     0 | D:1      | Reached XP level 1. HP: 16/16 MP: 1/1
    27 | D:1      | Slain by a hobgoblin

Illustrated notes

Levels and vault maps discovered:
D:1:      matt_arrival_debris, layout_loops_ring,
          hellmonk_ecumenical_altar_leap_of_faith

Action                   || total
-------------------------++-------
Melee: Trident           ||     8
       Constrict         ||     2
Armor: Skin              ||     2
Dodge: Dodged            ||     9
Block: Buckler           ||     4

Table legend: (Time is in decaauts)
 A = Elapsed time spent in this place.
 B = Non-inter-level travel time spent in this place.
 C = Inter-level travel time spent in this place.
 D = Time resting spent in this place.
 E = Time spent auto-exploring this place.
 F = Levels seen in this place.
 G = Mean time per level.
                   A        B        C        D        E       F      G
               +--------+--------+--------+--------+--------+-----+--------+
         Total |     29 |     29 |      0 |      0 |      6 |   1 |   29.0 |
       Dungeon |     29 |     29 |      0 |      0 |      6 |   1 |   29.0 |
               +--------+--------+--------+--------+--------+-----+--------+

Top non-repeatable levels by time:
     D:1: 29 daAuts
